 Dungeon Crawl Stone Soup version 0.30-a0-586-g23e55c9e0a (webtiles) character file.

Game seed: 8530126626424103311

374 porpoise the Firebug (level 6, 0/44 HPs)
             Began as a Gnoll Fire Elementalist on Jan 4, 2023.
             Killed by divine providence
             ... invoked by an orc priest
              (12 damage)
             ... on level 5 of the Dungeon.
             The game lasted 00:16:27 (4184 turns).

porpoise the Firebug (Gnoll Fire Elementalist)      Turns: 4184, Time: 00:16:28

Health: 0/44       AC:  4    Str:  8    XL:     6   Next: 72%
Magic:  10/14      EV: 14    Int: 16    God:
Gold:   207        SH:  0    Dex: 18    Spells: 12/15 levels left

rFire   + . .      SeeInvis .    a - +0 short sword (drain)
rCold   . . .      Faith    .    (no shield)
rNeg    . . .      Spirit   .    s - +0 leather armour
rPois   .          Reflect  .    t - +0 helmet
rElec   .          Harm     .    (no cloak)
rCorr   .          Rampage  .    (no gloves)
Will    .....                    (no boots)
Stlth   +++                      (no amulet)
HPRegen 0.27/turn                m - ring of protection from fire
MPRegen 0.14/turn                c - +6 ring of dexterity

@: no status effects
A: fangs 1, strong nose, distributed training
a: no special abilities


You were on level 5 of the Dungeon.
You visited 1 branch of the dungeon, and saw 5 of its levels.

You collected 207 gold pieces.

Inventory:

Hand Weapons
 a - a +0 short sword of draining (weapon)
 b - a +0 morningstar of holy wrath
 p - a +0 short sword
 v - a +0 quarterstaff
Missiles
 d - 11 poisoned darts (quivered)
Armour
 s - a +0 leather armour (worn)
 t - a +0 helmet (worn)
 u - a +1 ring mail of poison resistance
Jewellery
 c - a +6 ring of dexterity (right hand)
 j - a ring of ice
 m - a ring of protection from fire (left hand)
Scrolls
 e - a scroll of enchant weapon {unknown}
 l - a scroll of poison
 q - a scroll of brand weapon {unknown}
 w - a scroll of fear {unknown}
Potions
 f - 2 potions of curing
 g - a potion of cancellation
 h - a potion of might {unknown}
 i - a potion of magic
 k - a potion of heal wounds {unknown}
 n - a potion of mutation {unknown}
 r - 3 potions of brilliance
 x - a potion of invisibility {unknown}
 z - a potion of haste {unknown}
 A - a potion of degeneration {unknown}


   Skills:
 + Level 2.1 Fighting
 + Level 2.1 Short Blades
 + Level 2.1 Long Blades
 + Level 2.1 Axes
 + Level 2.1 Maces & Flails
 + Level 2.1 Polearms
 + Level 2.1 Staves
 + Level 2.1 Ranged Weapons
 + Level 2.1 Throwing
 + Level 2.1 Armour
 + Level 5.1 Dodging
 + Level 4.7 Stealth
 + Level 2.1 Shields
 + Level 2.1 Unarmed Combat
 + Level 5.4 Spellcasting
 + Level 2.7 Conjurations
 + Level 1.7 Hexes
 + Level 1.7 Summonings
 + Level 1.7 Necromancy
 + Level 1.7 Translocations
 + Level 1.7 Transmutations
 + Level 5.7 Fire Magic
 + Level 1.7 Ice Magic
 + Level 1.7 Air Magic
 + Level 1.7 Earth Magic
 + Level 1.7 Poison Magic
 + Level 2.4 Invocations
 + Level 2.1 Evocations


You had 12 spell levels left.
You knew the following spells:

 Your Spells              Type           Power      Damage    Failure   Level
a - Foxfire               Conj/Fire      72%        2x1d7     3%          1
b - Scorch                Fire           44%        2d7       3%          2

Your spell library contained the following spells:

 Spells                   Type           Power      Damage    Failure   Level
 Inner Flame              Hex/Fire       16%        N/A       13%         3
 Cigotuvi's Dreadful Rot  Necr/Pois/Air  18%        N/A       16%         2
 Poisonous Vapours        Pois/Air       18%        N/A       16%         2
 Kindle Blastsparks       Fire/Tloc/Air  28%        2d12      17%         3
 Mephitic Cloud           Conj/Pois/Air  11%        N/A       26%         3
 Flame Wave               Conj/Fire      18%        2d7       34%         4


Dungeon Overview and Level Annotations

Branches:
Dungeon (5/15)
 Temple: D:4-7

Altars:


Innate Abilities, Weirdness & Mutations

You have very sharp teeth.
Your uncanny sense of smell can sniff out nearby items.
Your experience applies equally to all skills.


Message History

The orc wizard shouts!
You hit the orc wizard.
You kill the orc wizard!
You hear a bark!
The orc priest calls down the wrath of Beogh upon you.
Something writhes in agony!
You hear some strange, mumbled words.
You are confused.
You bump into the rock wall.
The orc priest calls down the wrath of Beogh upon you.
Beogh smites you!
You're too confused to cast spells.
Sorry, you're not good enough to have a special ability.
You're too confused to cast spells.
You bump into the rock wall.
Something hits you but does no damage.
You barely miss the orc priest. Your bite misses the orc priest.
The orc priest hits you with a +0 club. Something hits you.
You're too confused to cast spells.
You bump into the rock wall.
The orc priest looks braver for a moment.
Something completely misses you.
You closely miss the orc priest. The orc priest misses you.
Something hits you but does no damage.
You hit the orc priest. You drain the orc priest.
The orc priest is heavily wounded.
The orc priest hits you with a +0 club.
* * * LOW HITPOINT WARNING * * *
Something hits you but does no damage.
You barely miss the orc priest.
The orc priest is heavily wounded.
You feel less confused.
The orc priest hits you but does no damage.
Something hits you.
* * * LOW HITPOINT WARNING * * *
Casting: Scorch (safe; 3% risk of failure)
Confirm with . or Enter, or press ? or * to list all spells.
You conjure some foxfire!
The orc priest calls down the wrath of Beogh upon you.
Beogh smites you!
You die...

.. .. .. .#
##########.#####
.....oo@v.......
..#...#{v.......
#.. #.........
#. #......... #
#.........
#.##.#####
######.#######
#...<........#
#............#


You could see an orc priest (very drained) and an orc wizard.

Vanquished Creatures
  An ogre (D:4)
  A scorpion (D:5)
  A hound (D:3)
  A jelly (D:4)
  An orc wizard (D:5)
  5 adders
  A worm (D:4)
  A dart slug (D:2)
  6 orcs
  9 ball pythons
  6 bats
  11 endoplasms
  3 giant cockroaches
  8 goblins
  9 hobgoblins
  7 jackals
  6 kobolds
  3 quokkas
  3 frilled lizards
  A rat (D:2)
84 creatures vanquished.

Vanquished Creatures (collateral kills)
  2 foxfires (D:2)
2 creatures vanquished.

Vanquished Creatures (others)
  170 foxfires
170 creatures vanquished.

Grand Total: 256 creatures vanquished

Notes
Turn   | Place    | Note
-------+----------+-------------------------------------------
     0 | D:1      | porpoise the Gnoll Fire Elementalist began the quest for
                  | the Orb.
     0 | D:1      | Reached XP level 1. HP: 13/13 MP: 6/6
   331 | D:1      | Reached XP level 2. HP: 19/19 MP: 4/7
   713 | D:1      | Reached skill level 5 in Spellcasting
   713 | D:1      | Reached XP level 3. HP: 25/25 MP: 6/9
   953 | D:1      | Reached skill level 1 in Invocations
  1595 | D:2      | Reached skill level 1 in Fighting
  1595 | D:2      | Reached skill level 1 in Short Blades
  1595 | D:2      | Reached skill level 1 in Long Blades
  1595 | D:2      | Reached skill level 1 in Axes
  1595 | D:2      | Reached skill level 1 in Maces & Flails
  1595 | D:2      | Reached skill level 1 in Polearms
  1595 | D:2      | Reached skill level 1 in Staves
  1595 | D:2      | Reached skill level 1 in Ranged Weapons
  1595 | D:2      | Reached skill level 1 in Throwing
  1595 | D:2      | Reached skill level 1 in Armour
  1595 | D:2      | Reached skill level 1 in Shields
  1595 | D:2      | Reached skill level 1 in Unarmed Combat
  1595 | D:2      | Reached skill level 1 in Evocations
  1598 | D:2      | Learned a level 2 spell: Scorch
  1835 | D:2      | Reached XP level 4. HP: 25/32 MP: 7/11
  2020 | D:2      | Found a faded altar of an unknown god.
  2447 | D:3      | Reached skill level 1 in Hexes
  2447 | D:3      | Reached skill level 1 in Summonings
  2447 | D:3      | Reached skill level 1 in Necromancy
  2447 | D:3      | Reached skill level 1 in Translocations
  2447 | D:3      | Reached skill level 1 in Transmutations
  2447 | D:3      | Reached skill level 1 in Ice Magic
  2447 | D:3      | Reached skill level 1 in Air Magic
  2447 | D:3      | Reached skill level 1 in Earth Magic
  2447 | D:3      | Reached skill level 1 in Poison Magic
  2903 | D:3      | Reached XP level 5. HP: 29/37 MP: 7/12
  3576 | D:4      | Noticed an ogre
  3586 | D:4      | Killed an ogre
  3587 | D:4      | Reached skill level 5 in Dodging
  3587 | D:4      | Reached XP level 6. HP: 44/44 MP: 7/14
  4021 | D:5      | Entered Level 5 of the Dungeon
  4184 | D:5      | Killed from afar by an orc priest

Illustrated notes

Levels and vault maps discovered:
D:1:      grunt_arrival_crossed_arrows, layout_loops_corners,
          minmay_misc_feat_four_crosses, hangedman_feature_mirror
D:2:      layout_basic, shapermc_ecumenical_altar_hornbeckon, minmay_hedge_maze
D:3:      layout_rooms
D:4:      layout_basic
D:5:      layout_gridville, minivault_25

Skill      XL: |  1  2  3  4  5 |
---------------+----------------+-----
Conjurations   | 2 |  2.7
Spellcasting   | 5 |  5.4
Invocations    | 1 2 |  2.4
Fighting       | 1 2 |  2.1
Short Blades   | 1 2 |  2.1
Long Blades    | 1 2 |  2.1
Axes           | 1 2 |  2.1
Maces & Flails | 1 2 |  2.1
Polearms       | 1 2 |  2.1
Staves         | 1 2 |  2.1
Ranged Weapons | 1 2 |  2.1
Throwing       | 1 2 |  2.1
Armour         | 1 2 |  2.1
Shields        | 1 2 |  2.1
Unarmed Combat | 1 2 |  2.1
Evocations     | 1 2 |  2.1
Hexes          | 1 |  1.7
Summonings     | 1 |  1.7
Necromancy     | 1 |  1.7
Translocations | 1 |  1.7
Transmutations | 1 |  1.7
Ice Magic      | 1 |  1.7
Air Magic      | 1 |  1.7
Earth Magic    | 1 |  1.7
Poison Magic   | 1 |  1.7
Dodging        | 5 |  5.1
Stealth        | |  4.7
Fire Magic     | |  5.7

Action                   |  1- 3 |  4- 6 || total
-------------------------+-------+-------++-------
Melee: Mace              |     7 |       ||     7
       Unarmed           |     2 |       ||     2
       Morningstar       |    21 |     5 ||    26
       Bite              |     2 |     2 ||     4
       Quarterstaff      |       |    16 ||    16
       Short sword       |       |    17 ||    17
Throw: Dart              |     4 |       ||     4
 Cast: Foxfire           |    42 |    64 ||   106
       Scorch            |     1 |     6 ||     7
  Use: Scroll            |       |     4 ||     4
       Potion            |       |     1 ||     1
Armor: Robe              |     4 |     5 ||     9
       Leather armour    |       |     8 ||     8
       Ring mail         |       |     2 ||     2
Dodge: Dodged            |    33 |    31 ||    64

Table legend: (Time is in decaauts)
 A = Elapsed time spent in this place.
 B = Non-inter-level travel time spent in this place.
 C = Inter-level travel time spent in this place.
 D = Time resting spent in this place.
 E = Time spent auto-exploring this place.
 F = Levels seen in this place.
 G = Mean time per level.
                   A        B        C        D        E       F      G
               +--------+--------+--------+--------+--------+-----+--------+
         Total |   4200 |   3997 |    203 |    747 |   2572 |   5 |  840.0 |
       Dungeon |   4200 |   3997 |    203 |    747 |   2572 |   5 |  840.0 |
               +--------+--------+--------+--------+--------+-----+--------+

Top non-repeatable levels by time:
     D:1: 1521 daAuts
     D:4: 939 daAuts
     D:2: 910 daAuts
     D:3: 667 daAuts
     D:5: 162 daAuts
